 Dungeon Crawl Stone Soup version 0.32-a0-747-gc8563f6773 (webtiles) character file.

Game seed: 3777138181567219710

46 Alarak the Magician (level 3, -8/19 HPs)
             Began as a Deep Elf Earth Elementalist on Mar 18, 2024.
             Killed from afar by Ijyb (9 damage)
             ... with a puff of flame
             ... on level 2 of the Dungeon.
             The game lasted 00:02:57 (1343 turns).

Alarak the Magician (Deep Elf Earth Elementalist)   Turns: 1343, Time: 00:02:58

Health: -8/19      AC:  2    Str:  5    XL:     3   Next: 44%
Magic:  8/11       EV: 11    Int: 21    God:
Gold:   33         SH:  0    Dex: 15    Spells: 11/12 levels left

rFire   . . .        (no weapon)
rCold   . . .        (no shield)
rNeg    . . .        a - +0 robe
rPois   .            (no helmet)
rElec   .            (no cloak)
rCorr   .            (no gloves)
SInv    .            (no boots)
Will    .....        (no amulet)
Stlth   ++           (no ring)
HPRegen 0.23/turn    (no ring)
MPRegen 0.12/turn

%: no passive effects
@: no status effects
A: no striking features
a: no special abilities


You were on level 2 of the Dungeon.
You visited 1 branch of the dungeon, and saw 2 of its levels.

You collected 33 gold pieces.

Inventory:

Armour
 a - a +0 robe (worn)
Wands
 c - a wand of paralysis (6)
Scrolls
 f - a scroll of identify {unknown}
Potions
 b - a potion of magic
 d - a potion of might {unknown}
 e - a potion of lignification {unknown}
 g - 2 potions of resistance {unknown}
 h - a potion of curing {unknown}
 i - a potion of enlightenment {unknown}


   Skills:
 - Level 2.4 Dodging
 - Level 2.4 Stealth
 + Level 5.4 Spellcasting
 - Level 1.1 Conjurations
 - Level 3.2 Earth Magic


You had 11 spell levels left.
You knew the following spells:

 Your Spells              Type           Power      Damage    Failure   Level
a - Sandblast             Erth           38%        2d10      2%          1

Your spell library contained the following spells:

 Spells                   Type           Power      Damage    Failure   Level
 Passwall                 Erth           19%        N/A       9%          3
 Stone Arrow              Conj/Erth      28%        3d8       13%         3
 Brom's Barrelling Bould  Conj/Erth      14%        2d4       38%         4
 Petrify                  Alch/Erth      12%        N/A       47%         4


Dungeon Overview and Level Annotations

Branches:
Dungeon (2/15)

Altars:

Annotations:
D:2 Ijyb


Message History

A quokka comes into view.
A quokka is nearby!
A quokka is nearby!
You can't see any susceptible monsters within range! (Use Z to cast anyway.)
You can't see any susceptible monsters within range! (Use Z to cast anyway.)
The blast of sand hits the quokka!
You kill the quokka!
You can't see any susceptible monsters within range! (Use Z to cast anyway.) Ijyb the Inquisitive comes into view.
She is wielding a +0 dagger and carrying a wand of flame.
Found an orange potion and a dagger.
Ijyb is nearby!
Ijyb is nearby!
Ijyb is nearby!
Ijyb is nearby!
You can't see any susceptible monsters within range! (Use Z to cast anyway.)
The blast of sand hits Ijyb but does no damage.
Ijyb shouts!
Ijyb zaps a wand.
The puff of flame hits you!
Ouch! That really hurt!
You are too injured to fight recklessly!
You are too injured to fight recklessly!
You are too injured to fight recklessly!
Unknown command.
Casting: Sandblast (safe; 2% risk of failure)
Confirm with . or Enter, or press ? or * to list all spells.
Aiming: Sandblast (safe; 2% risk of failure)
Press: ? - help, Shift-Dir - straight line, f/p - Ijyb
Aim: Ijyb, wielding a +0 dagger, wearing a +0 chain mail and carrying a wand of flame (82% to hit)
The blast of sand hits Ijyb but does no damage.
The goblin shouts!
Ijyb zaps a wand.
The puff of flame hits you!
* * * LOW HITPOINT WARNING * * *
Casting: Sandblast (safe; 2% risk of failure)
Confirm with . or Enter, or press ? or * to list all spells.
Aiming: Sandblast (safe; 2% risk of failure)
Press: ? - help, Shift-Dir - straight line, f/p - Ijyb
Aim: Ijyb, wielding a +0 dagger, wearing a +0 chain mail and carrying a wand of flame (82% to hit)
The blast of sand misses Ijyb.
Ijyb zaps a wand.
The puff of flame hits you!
You die...
Ijyb screams, "Time for next experiment!"

#.......†...........
#####.....).)......<....
.....).>................
#####........#.......g..
#####.............#
#######ß.....ß#
#.......# ##.....##
#.@.....# ##.....##
.......# #ßg....ß#
#..!.)..# #########


You could see Ijyb and a goblin.

Vanquished Creatures
  A dart slug (D:1)
  2 ribbon worms (D:2)
  An endoplasm (D:1)
  4 giant cockroaches (D:1)
  10 goblins
  3 hobgoblins
  2 quokkas (D:2)
  A ball python (D:1)
  3 bats (D:1)
  4 frilled lizards (D:1)
  2 kobolds (D:1)
  5 rats
38 creatures vanquished.

Notes
Turn   | Place    | Note
-------+----------+-------------------------------------------
     0 | D:1      | Alarak the Deep Elf Earth Elementalist began the quest for
                  | the Orb.
     0 | D:1      | Reached XP level 1. HP: 10/10 MP: 6/6
   225 | D:1      | Reached skill level 4 in Spellcasting
   225 | D:1      | Reached XP level 2. HP: 15/15 MP: 5/9
  1053 | D:2      | Reached XP level 3. HP: 19/19 MP: 9/11
  1081 | D:2      | Reached skill level 5 in Spellcasting
  1264 | D:2      | Identified the +9 hand axe of Alarak's Anguish {heavy,
                  | rCorr Str+3}
  1337 | D:2      | Noticed Ijyb
  1343 | D:2      | Killed from afar by Ijyb

Illustrated notes

Levels and vault maps discovered:
D:1:      tekkud_arrival_beachfront_property, layout_loops_ring,
          supply_closet_lemuel, grunt_decor_one_mirror, minmay_tiny_reverse_x
D:2:      kennysheep_the_goblin_king, layout_basic

Skill      XL: |  1  2  3 |
---------------+----------+-----
Spellcasting   | 4 5 |  5.4
Dodging        | |  2.4
Stealth        | |  2.4
Conjurations   | |  1.1
Earth Magic    | |  3.2

Action                     || total
---------------------------++-------
  Melee: Unarmed           ||     1
   Cast: Sandblast         ||    55
    Use: Scroll            ||     2
 Armour: Robe              ||     8
  Dodge: Dodged            ||     6

Table legend: (Time is in decaauts)
 A = Elapsed time spent in this place.
 B = Non-inter-level travel time spent in this place.
 C = Inter-level travel time spent in this place.
 D = Time resting spent in this place.
 E = Time spent auto-exploring this place.
 F = Levels seen in this place.
 G = Mean time per level.
                   A        B        C        D        E       F      G
               +--------+--------+--------+--------+--------+-----+--------+
         Total |   1370 |   1343 |     27 |      0 |   1127 |   2 |  685.0 |
       Dungeon |   1370 |   1343 |     27 |      0 |   1127 |   2 |  685.0 |
               +--------+--------+--------+--------+--------+-----+--------+

Top non-repeatable levels by time:
     D:1: 1026 daAuts
     D:2: 344 daAuts
